 Dungeon Crawl Stone Soup version 0.21.0-3-g78d12a8 (webtiles) character file.

17749 MTVSty1e the Geomancer (level 12, -5/72 HPs)
             Began as a Deep Elf Earth Elementalist on Jan 14, 2018.
             Was an Elder of Vehumet.
             Slain by a wolf (11 damage)
             ... on level 2 of the Lair of Beasts.
             The game lasted 00:46:44 (13882 turns).

MTVSty1e the Geomancer (DEEE)                      Turns: 13882, Time: 00:46:45

Health: -5/72      AC:  5    Str:  5    XL:     12   Next: 21%
Magic:  28/29      EV: 12    Int: 26    God:    Vehumet [****..]
Gold:   552        SH:  5    Dex: 15    Spells: 21/34 levels left

rFire    . . .     SeeInvis .   a - +2 dagger (venom)
rCold    . . .     Gourm    .   w - +0 buckler
rNeg     . . .     Faith    .   y - +0 leather armour
rPois    .         Spirit   .   s - +0 hat
rElec    .         Reflect  .   (no cloak)
rCorr    .         Harm     .   v - +0 pair of gloves
MR       ++...                  z - +0 pair of boots
Stlth    ++........             k - amulet of magic regeneration
HPRegen  0.22/turn              d - ring of wizardry
MPRegen  0.46/turn              F - ring of protection from magic

@: lethally poisoned (-5 -> -6), very slightly contaminated, slowed, very slow
A: no striking features
a: Renounce Religion


You were on level 2 of the Lair of Beasts.
You worshipped Vehumet.
Vehumet was greatly pleased with you.
You were not hungry.

You visited 3 branches of the dungeon, and saw 14 of its levels.
You also visited: Sewer and Bailey.

You collected 552 gold pieces.

Inventory:

Hand Weapons
 a - a +2 dagger of venom (weapon)
 B - the +10 dark maul {crush}
   (You found it on level 10 of the Dungeon)

   It inflicts extra damage upon your enemies.
 C - a cursed -3 spear
Missiles
 J - 23 stones (quivered)
Armour
 c - a +0 robe
 s - a +0 hat (worn)
 v - a +0 pair of gloves (worn)
 w - a +0 buckler (worn)
 y - a +0 leather armour (worn)
 z - a +0 pair of boots (worn)
Jewellery
 d - a ring of wizardry (left hand)
 k - an amulet of magic regeneration (around neck)
 o - an uncursed ring of stealth
 x - a +3 ring of evasion
 F - a ring of protection from magic (right hand)
 I - an uncursed amulet of rage {unknown}
Scrolls
 p - 3 scrolls of fog
 q - 7 scrolls of remove curse
 D - a scroll of identify
 E - a scroll of amnesia
Potions
 b - 5 potions of flight
 f - a potion of cancellation
 g - 3 potions of might
 h - 2 potions of lignification
 i - 5 potions of agility
 j - 2 potions of curing
 l - a potion of resistance
 m - a potion of brilliance
 n - 2 potions of invisibility
 u - a potion of haste
 A - a potion of magic {unknown}
Books
 e - a book of Geomancy

   Spells                             Type                      Level
   a - Sandblast                      Earth                        1
   b - Passwall                       Transmutation/Earth          2
   c - Stone Arrow                    Conjuration/Earth            3
   d - Petrify                        Transmutation/Earth          4
   e - Lee's Rapid Deconstruction     Earth                        5
 H - a book of Spatial Translocations

   Spells                             Type                      Level
   a - Blink                          Translocation                2
   b - Shroud of Golubria             Charms/Translocation         2
   c - Lesser Beckoning               Translocation                3
   d - Gell's Gravitas                Translocation                3
   e - Teleport Other                 Translocation                3
   f - Passage of Golubria            Translocation                4
Comestibles
 r - 9 rations
 K - 3 chunks of flesh


   Skills:
 + Level 7.4 Fighting
 * Level 3.5 Short Blades
 - Level 2.4 Dodging
 - Level 2.4 Stealth
 - Level 4.0 Shields
 + Level 11.8 Spellcasting
 + Level 8.0 Conjurations
   Level 1.1 Transmutations
 * Level 13.7 Earth Magic


You had 21 spell levels left.
You knew the following spells:

 Your Spells              Type           Power        Failure   Level  Hunger
a - Sandblast             Erth           ######       0%          1    None
b - Lee's Rapid Deconstr  Erth           ######....   1%          5    ###....
c - Stone Arrow           Conj/Erth      ######       1%          3    None
d - Passage of Golubria   Tloc           N/A          26%         4    None


Dungeon Overview and Level Annotations

Branches:
Dungeon (11/15)            Temple (1/1) D:6            Lair (2/6) D:8
    Orc (0/2) D:9
  Swamp: Lair:2-4    Shoals: Lair:2-4     Snake: Lair:2-4    Spider: Lair:2-4

Altars:
Ashenzari
Fedhas
Gozag
Okawaru
Qazlal
Ru
Uskayaw
Vehumet
Xom
Yredelemnul
Zin

Shops:
D:10 }

Annotations:
D:7 Suckerboh's ghost, novice DEFE
Lair:2 Sonja


Message History

Unknown command.
Blink to where?
Press: ? - help, Dir - move target cursor, p - komodo dragon You are very lightly contaminated with residual magic.
As you read the scroll of blinking, it crumbles to dust.
You feel sick.
The wolf bites the plant but does no damage.
The wolf bites the plant.
Found an escape hatch in the floor.
The wolf bites the plant!
You see here 17 gold pieces.
You now have 552 gold pieces (gained 17).
Sonja shouts, "Hah!
Missed me again!"
A crocodile comes into view.
You feel sick.
Sonja mumbles some strange words.
Sonja blinks!
Okay, then.
The wolf bites you!
You die...

##...l...## .........#
##....♣....#
.........###...#..##...#
#.....P..#....##...##....
##......#.#...###...#
#...
........#....#.#...###..$
#........................
#......♣♣.....♣..<.%♣..
##.............h@........
#.......#.....l##....#...
†.........#...###.#####.
...............# ..
.K........§#....##..
.)................♣..
.............#........
##.....P#######...>.#..
#....t.# .###S


You could see a komodo dragon and a wolf.

Vanquished Creatures
  Josephine (D:10)
  A hydra (D:8)
  A two-headed ogre (D:11)
  Urug (D:10)
  An unseen horror (D:10)
  An orc knight (Bailey)
  An ugly thing (D:11)
  Joseph (D:10)
  A rime drake (Lair:1)
  2 komodo dragons
  A troll (D:11)
  A hornet (D:10)
  3 hippogriffs
  5 wraiths (D:10)
  A vampire (D:8)
  A wyvern (D:8)
  25 yaks
  A hungry ghost (D:8)
  Grum (D:10)
  Menkaure (D:4)
  2 water moccasins
  3 porcupines (Lair:1)
  3 ice beasts
  Purgy (Sewer)
  12 orc warriors
  2 eyes of draining
  A sky beast (D:5)
  A necrophage (D:8)
  10 wolves
  9 centaurs
  3 ogres
  A crocodile (Lair:1)
  2 big kobolds
  4 bullfrogs
  A wyvern zombie (D:11)
  A water moccasin zombie (D:6)
  A gnoll sergeant (D:9)
  A scorpion (D:6)
  3 killer bees (D:8)
  7 wights
  7 crimson imps
  A centaur zombie (D:6)
  2 howler monkeys
  3 quasits
  A jelly (D:6)
  2 centaur skeletons
  A hound (D:6)
  4 orc priests
  3 iguanas
  9 orc wizards
  8 worker ants
  A hound zombie (D:9)
  Robin (D:4)
  A worker ant zombie (D:5)
  12 gnolls
  2 howler monkey skeletons
  8 adders
  A river rat (D:4)
  A shadow imp (D:10)
  An adder skeleton (D:9)
  4 worms
  2 dart slugs
  6 leopard geckos
  47 orcs
  3 ball pythons
  6 giant cockroaches
  7 goblins
  17 hobgoblins
  8 jackals
  19 kobolds
  4 quokkas
  A ball python skeleton (D:5)
  11 bats
  2 frilled lizards
  A jackal skeleton (D:5)
  2 leopard gecko skeletons (D:4)
  5 rats
333 creatures vanquished.

Vanquished Creatures (others)
  9 plants
9 creatures vanquished.

Grand Total: 342 creatures vanquished

Notes
Turn   | Place    | Note
-------+----------+-------------------------------------------
     0 | D:1      | MTVSty1e the Deep Elf Earth Elementalist began the quest for the Orb.
     0 | D:1      | Reached XP level 1. HP: 10/10 MP: 6/6
     7 | D:1      | Noticed a worker ant
     7 | D:1      | Noticed a black mamba
     7 | D:1      | Noticed an iguana
     7 | D:1      | Noticed a polar bear
     7 | D:1      | Noticed a lindwurm
   143 | D:1      | Reached XP level 2. HP: 14/16 MP: 4/8
   840 | D:1      | Reached skill level 4 in Earth Magic
  1013 | D:1      | Reached XP level 3. HP: 20/20 MP: 7/10
  1035 | D:1      | Reached skill level 1 in Fighting
  1788 | D:2      | Reached XP level 4. HP: 25/25 MP: 7/11
  2549 | D:3      | Reached skill level 5 in Earth Magic
  2615 | D:3      | Reached XP level 5. HP: 27/30 MP: 10/13
  2622 | D:3      | Learned a level 5 spell: Lee's Rapid Deconstruction
  3300 | D:3      | Found a stormy altar of Qazlal.
  3897 | D:4      | Reached XP level 6. HP: 26/35 MP: 12/15
  4058 | D:4      | Noticed Menkaure
  4062 | D:4      | Killed Menkaure
  4062 | D:4      | Reached skill level 5 in Spellcasting
  4062 | D:4      | Reached skill level 6 in Earth Magic
  4098 | D:4      | Noticed Robin
  4104 | D:4      | Killed Robin
  4160 | D:4      | Found a glowing drain.
  4178 | Sewer    | Entered a sewer
  4213 | Sewer    | Noticed Purgy
  4217 | Sewer    | Killed Purgy
  4217 | Sewer    | Reached XP level 7. HP: 18/40 MP: 4/17
  4876 | D:4      | Reached skill level 1 in Shields
  4938 | D:5      | Entered Level 5 of the Dungeon
  5092 | D:5      | Reached skill level 7 in Earth Magic
  5389 | D:5      | Learned a level 3 spell: Stone Arrow
  6769 | D:6      | Reached XP level 8. HP: 39/46 MP: 4/19
  7082 | D:6      | Reached skill level 8 in Earth Magic
  7760 | D:6      | Found a staircase to the Ecumenical Temple.
  7774 | Temple   | Entered the Ecumenical Temple
  7793 | Temple   | Became a worshipper of Vehumet
  7997 | D:7      | Reached XP level 9. HP: 32/52 MP: 2/22
  8021 | D:7      | Noticed Suckerboh's ghost (novice DEFE)
  8105 | D:8      | Reached skill level 1 in Conjurations
  8234 | D:8      | Reached skill level 9 in Earth Magic
  8309 | D:8      | Noticed a four-headed hydra
  8313 | D:8      | Killed a four-headed hydra
  8327 | D:8      | Reached skill level 10 in Earth Magic
  8347 | D:8      | Reached skill level 5 in Fighting
  8349 | D:8      | Reached * piety under Vehumet
  8349 | D:8      | Offered knowledge of Sting by Vehumet.
  8463 | D:8      | Found a flagged portal.
  8481 | Bailey   | Entered a bailey
  8537 | Bailey   | Noticed an orc knight
  8613 | Bailey   | Reached XP level 10. HP: 11/59 MP: 12/25
  9032 | Bailey   | Killed an orc knight
  9470 | D:8      | Found a staircase to the Lair.
  9485 | D:8      | Reached skill level 11 in Earth Magic
  9695 | D:8      | Offered knowledge of Freeze by Vehumet.
  9727 | D:8      | Reached ** piety under Vehumet
  9961 | D:9      | Reached skill level 5 in Conjurations
 10303 | D:9      | Reached skill level 10 in Spellcasting
 10409 | D:9      | Offered knowledge of Mephitic Cloud by Vehumet.
 10563 | D:9      | Found a staircase to the Orcish Mines.
 10584 | D:10     | Entered Level 10 of the Dungeon
 10591 | D:10     | Reached skill level 12 in Earth Magic
 10803 | D:10     | Reached XP level 11. HP: 64/64 MP: 10/27
 11071 | D:10     | Found the +10 dark maul {crush}
 11095 | D:10     | Reached *** piety under Vehumet
 11220 | D:10     | Noticed Joseph
 11243 | D:10     | Killed Joseph
 11478 | D:10     | Noticed Grum
 11489 | D:10     | Offered knowledge of Fulminant Prism by Vehumet.
 11490 | D:10     | Killed Grum
 11635 | D:10     | Killed an unseen horror
 11819 | D:10     | Found Nuics's Gadget Shoppe.
 12109 | D:10     | Noticed Urug
 12119 | D:10     | Killed Urug
 12127 | D:10     | Noticed Josephine
 12135 | D:10     | Killed Josephine
 12135 | D:10     | Reached skill level 13 in Earth Magic
 12603 | D:11     | Identified a scroll of acquirement
 12610 | D:11     | Learned a level 4 spell: Passage of Golubria
 12618 | D:11     | Reached **** piety under Vehumet
 12665 | D:11     | Noticed a two-headed ogre
 12677 | D:11     | Killed a two-headed ogre
 12677 | D:11     | Reached skill level 1 in Short Blades
 12761 | D:11     | Noticed a cyan ugly thing
 12768 | D:11     | Killed a cyan ugly thing
 12803 | D:11     | Offered knowledge of Sticky Flame by Vehumet.
 13242 | D:11     | Noticed a death knight
 13242 | D:11     | Noticed a phantasmal warrior
 13320 | Lair:1   | Entered Level 1 of the Lair of Beasts
 13320 | Lair:1   | Noticed Sonja
 13485 | Lair:1   | Reached XP level 12. HP: 72/72 MP: 23/29
 13782 | Lair:2   | Noticed a five-headed hydra
 13882 | Lair:2   | Slain by a wolf

Skill      XL: |  1  2  3  4  5  6  7  8  9 10 11 12 |
---------------+-------------------------------------+-----
Earth Magic    | 4 5 6 7 8 10 12 13 | 13.7
Fighting       | 1 2 3 4 5 6 7 |  7.4
Spellcasting   | 4 5 6 7 9 10 11 | 11.8
Shields        | 2 4 |  4.0
Conjurations   | 4 6 7 8 |  8.0
Short Blades   | 2 3 |  3.5
Dodging        | |  2.4
Stealth        | |  2.4
Transmutations | |  1.1

Action                   |  1- 3 |  4- 6 |  7- 9 | 10-12 || total
-------------------------+-------+-------+-------+-------++-------
Melee: Short sword       |    10 |       |       |       ||    10
       Unarmed           |     1 |       |       |       ||     1
       Dagger            |    41 |    66 |   104 |    69 ||   280
 Cast: Sandblast         |    39 |    42 |    80 |   130 ||   291
       Lee's Rapid Decon |       |     6 |    20 |    53 ||    79
       Stone Arrow       |       |       |    32 |   122 ||   154
  Use: Scroll            |     7 |     4 |    10 |    11 ||    32
       Potion            |       |       |       |     2 ||     2
 Stab: Sleeping          |     2 |     7 |     4 |     2 ||    15
       Distracted        |       |     1 |       |       ||     1
  Eat: Chunk             |     2 |     6 |     5 |    11 ||    24
       Ration            |       |     1 |     6 |     3 ||    10
Armor: Robe              |    18 |     4 |    19 |       ||    41
       Leather armour    |       |       |    11 |    31 ||    42
Dodge: Dodged            |    74 |    41 |   102 |   105 ||   322
Block: Buckler           |       |       |    27 |    38 ||    65
